AoeStats
← Martin

Arena

509023925Analyzed
3v3 RM · 7d ago on Sep 25, 2026· 56m 21s· 6 players
Game mode
Random Map
Map size
Normal (6 player)
Population
200
Speed
Normal
Resources
Standard
Victory
Conquest
Starting age
Dark Age
Ending age
Imperial Age
RankedLock teamsTeams togetherTeam positionsShared explorationLock speedFull tech treeHidden civsTurbo modeCheats
Victory
Defeat
🇨🇦 Franks · Canada
851
+14
🇨🇦 Bulgarians · Canada
850
+14
🇨🇦 Vikings · Canada
849
+14
🇨🇱 Danes · Chile
843
-16
🇨🇱 Varangians · Chile
843
-16
🇨🇱 Teutons · Chile
709
-24
Hugojugo
9:45 Feudal Age
10:12 Double-Bit Axe
10:40 Horse Collar
15:04 Wheelbarrow
18:45 Castle Age
19:52 Bow Saw
22:07 Stone Mining
22:59 Heavy Plow
29:02 Gold Mining
29:48 Stone Shaft Mining
28:37 Hamask
29:39 Ballistics
29:16 Murder Holes
29:32 Masonry
30:00 Hand Cart
29:31 Town Watch
30:12 Loom
31:03 Scale Mail Armor
31:15 Forging
32:45 Redemption
35:31 Imperial Age
34:04 Squires
33:49 Gambesons
33:50 Arson
33:26 Man-at-Arms
34:14 Pikeman
35:42 Fervor
36:01 Town Patrol
36:22 Chain Mail Armor
36:43 Iron Casting
35:59 Fletching
36:10 Padded Archer Armor
37:23 Chemistry
35:59 Capped Ram
37:08 Conscription
37:21 Conscription
37:02 Siege Ram
37:21 Elite Skirmisher
39:19 Blast Furnace
38:50 Plate Mail Armor
37:53 Long Swordsman
37:54 Halberdier
39:50 Onager
39:56 Elite Jomsviking
40:55 Bodkin Arrow
40:31 Two-Handed Swordsman
44:30 Northmen's Fury
44:42 Champion
Martin
10:10 Feudal Age
10:37 Double-Bit Axe
15:16 Gold Mining
20:49 Castle Age
18:46 Horse Collar
21:19 Forging
21:10 Scale Mail Armor
21:50 Squires
21:35 Gambesons
22:23 Bow Saw
22:06 Gold Mining
26:13 Wheelbarrow
25:32 Pikeman
25:57 Arson
27:58 Iron Casting
27:38 Chain Mail Armor
29:21 Elite Skirmisher
35:13 Imperial Age
32:56 Stone Mining
37:11 Crenellations
41:07 Bloodlines
40:17 Cavalier
41:55 Elite Teutonic Knight
45:47 Two-Man Saw
47:12 Hand Cart
46:43 Town Watch
47:37 Arrowslits
47:43 Guard Tower
54:33 Heavy Plow
Garek
2:05 Loom
11:08 Feudal Age
13:00 Double-Bit Axe
14:08 Horse Collar
18:43 Forging
18:39 Scale Barding Armor
21:07 Castle Age
19:07 Gold Mining
19:07 Stone Mining
20:15 Town Watch
21:05 Wheelbarrow
23:52 Fortified Wall
24:20 Iron Casting
24:05 Chain Barding Armor
25:04 Murder Holes
25:22 Masonry
28:13 Bow Saw
29:12 Caravan
29:44 Coinage
31:41 Hand Cart
32:11 Vendel Legacy
35:30 Town Patrol
38:24 Imperial Age
36:22 Heavy Plow
37:11 Ballistics
39:37 Conscription
44:00 Onager
47:25 Elite Jarl
Hot Salad
12:16 Feudal Age
13:14 Loom
16:26 Castle Age
16:26 Double-Bit Axe
16:36 Stone Mining
18:45 Bow Saw
19:05 Horse Collar
22:08 Gold Mining
30:13 Imperial Age
28:36 Scale Mail Armor
28:46 Forging
28:42 Squires
28:28 Arson
29:46 Chain Mail Armor
30:35 Forging
32:07 Plate Mail Armor
32:45 Chieftains
33:06 Conscription
32:39 Arson
33:05 Town Watch
32:47 Elite Varangian Guard
35:58 Iron Casting
39:20 Blast Furnace
38:10 Fletching
39:34 Bodkin Arrow
40:44 Hoardings
43:13 Bracer
52:53 Spies/Treason
PreGhostSlimer
12:20 Feudal Age
16:29 Castle Age
14:47 Double-Bit Axe
16:02 Loom
17:32 Bow Saw
19:55 Gold Mining
22:23 Stone Mining
24:03 Wheelbarrow
30:02 Imperial Age
27:27 Town Watch
27:59 Hand Cart
29:03 Forging
28:55 Scale Mail Armor
28:57 Squires
28:43 Arson
30:47 Iron Casting
30:27 Chain Mail Armor
30:48 Town Patrol
31:14 Conscription
30:14 Elite Throwing Axeman
32:14 Plate Mail Armor
33:15 Blast Furnace
35:19 Fletching
52:53 Spies/Treason
DipshitGrimace
5:32 Loom
12:04 Feudal Age
15:40 Castle Age
13:47 Double-Bit Axe
14:21 Horse Collar
14:57 Loom
17:11 Bow Saw
22:15 Wheelbarrow
24:53 Hand Cart
24:49 Heavy Plow
24:40 Gold Mining
26:14 Stone Mining
30:16 Imperial Age
31:53 Gold Shaft Mining
30:44 Onager
31:18 Fletching
31:46 Town Watch
32:07 Siege Onager
34:42 Bodkin Arrow
37:23 Bracer
37:36 Masonry
38:41 Ballistics
39:22 Chemistry
38:53 Architecture
53:38 Spies/Treason
Connection lost

Rejoining the realm…

Still unreachable

The connection could not be restored.

Session expired

The server has moved on; the page needs a fresh start.